 Dungeon Crawl Stone Soup version 0.16.2-12-gd0ad4c3 (console) character file.

374490 utis the Sorcerer (level 22, -3/137 HPs)
             Began as a Deep Elf Ice Elementalist on June 15, 2015.
             Was the Champion of Vehumet.
             Slain by a vampire knight
             ... wielding a +2 long sword of draining
              (13 damage)
             ... on level 2 of the Depths on Sept 10, 2015.
             The game lasted 06:38:32 (103949 turns).

utis the Sorcerer (Deep Elf Ice Elementalist)     Turns: 103949, Time: 06:38:32

Health: -3/137     AC: 12    Str:  5    XL:     22   Next: 6%
Magic:  26/47      EV: 20    Int: 44    God:    Vehumet [******]
Gold:   709        SH:  0    Dex: 13    Spells: 17 memorised, 5 levels left

rFire  x . .     SeeInvis +     Y - +4 rapier {flame, -Tele MR- Int+10}
rCold  + + .     Clarity  .     U - +2 robe {Archmagi}
rNeg   . . .     SustAb   .     (no shield)
rPois  +         Gourm    +     X - +0 helmet {Int+3}
rElec  .         Spirit   .     d - +2 cloak
rCorr  .         Warding  .     x - +2 pair of gloves {archery}
rMut   .         NoTele   +     M - +0 pair of boots {Fly}
MR     +....                    W - amulet of the gourmand
Stlth  ++........               C - ring "Busuw" {rPois rC+ Int+2 Dex-2 SInv Stlth-}
                                R - ring of ice {=R}

@: flying, repel missiles, drained, somewhat resistant to hostile enchantments,
unstealthy
A: dopey 1
a: Renounce Religion, Stop Flying
}: 1/15 runes: serpentine


You were on level 2 of the Depths.
You worshipped Vehumet.
Vehumet was exalted by your worship.
You were completely stuffed.

You visited 8 branches of the dungeon, and saw 42 of its levels.
You visited 1 bazaar.
You also visited: Labyrinth, Sewer and Bailey.

You collected 4687 gold pieces.
You spent 3849 gold pieces at shops.

Inventory:

Hand weapons
 a - a +2 lajatang of protection
 b - the +4 hand crossbow "Newtslayer" {elec, rC+ Int+2}
   (You found it on level 6 of the Lair of Beasts)

   It charges the ammunition it shoots with electricity; occasionally upon a
   hit, such missiles may discharge and cause terrible harm.
   It affects your intelligence (+2).
   It protects you from cold.
 c - the +7 blowgun of Yredelemnul's Outrage {evade, rN+ MP+9 Dex-4}
   (You took it off a salamander on level 1 of the Snake Pit)

   It affects your evasion (+5 to EV).
   It affects your dexterity (-4).
   It protects you from negative energy.
   It affects your magic capacity (+9).
 Y - the +4 rapier "Frublatu" (weapon) {flame, -Tele MR- Int+10}
   (You found it on level 7 of the Dungeon)

   It has been specially enchanted to burn those struck by it, causing extra
   injury to most foes and up to half again as much damage against particularly
   susceptible opponents.
   It affects your intelligence (+10).
   It affects your resistance to hostile enchantments.
   It prevents most forms of teleportation.
Missiles
 e - 1288 bolts
 s - 18 curare-tipped needles {=f}
Armour
 d - a +2 cloak (worn)
 x - a +2 pair of gloves of archery (worn)
 M - a +0 pair of boots of flying (worn)
 U - a +2 robe of the Archmagi (worn)
 X - a +0 helmet of intelligence (worn)
Magical staves
 D - an uncursed staff of power {!a}
Jewellery
 i - the ring "Plog" {rPois rN+ MR+}
   (You took it off a deep elf demonologist on level 3 of the Elven Halls)

   [ring of poison resistance]

   It protects you from poison.
   It protects you from negative energy.
   It affects your resistance to hostile enchantments.
 k - the ring "Blablyg" {+Fly rPois rF+ MR+ Str-3 Stlth+}
   (You bought it in a shop on level 4 of the Dungeon)

   [ring of flight]

   It affects your strength (-3).
   It protects you from fire.
   It protects you from poison.
   It affects your resistance to hostile enchantments.
   It lets you fly.
   It makes you more stealthy.
 t - a +5 ring of protection
 C - the ring "Busuw" (right hand) {rPois rC+ Int+2 Dex-2 SInv Stlth-}
   (You took it off a yaktaur on level 1 of the Vaults)

   [ring of loudness]

   It affects your intelligence (+2).
   It affects your dexterity (-2).
   It protects you from cold.
   It protects you from poison.
   It enhances your eyesight.
   It makes you less stealthy.
 I - an uncursed amulet of resist corrosion
 N - an uncursed ring of teleportation
 R - a ring of ice (left hand) {=R}
 T - an uncursed ring of protection from fire
 W - an amulet of the gourmand (around neck)
Magical devices
 u - a wand of draining (2)
 z - a wand of heal wounds (9)
 A - a wand of digging (13)
 G - a wand of invisibility (4)
 L - a wand of disintegration (5)
 P - a wand of teleportation (7)
Scrolls
 h - 10 scrolls of fog
 o - 12 scrolls of identify
 q - 12 scrolls of remove curse
 F - 2 scrolls of magic mapping
 H - 9 scrolls of blinking
 O - 10 scrolls of teleportation
Potions
 j - 3 potions of might
 p - 14 potions of curing
 r - 8 potions of heal wounds
 v - 2 potions of magic
 w - 13 potions of agility
 y - a potion of invisibility
 B - 2 potions of resistance
 Q - 4 potions of haste
 V - 5 potions of brilliance
Miscellaneous
 g - a fan of gales
 l - a lamp of fire
 E - a disc of storms
 J - a plain deck of summoning
 K - a phial of floods
 S - a sack of spiders {used: 1}
 Z - a box of beasts
Comestibles
 f - 22 bread rations
 m - 3 chunks of flesh
 n - 2 meat rations


   Skills:
 - Level 14.1(12.7) Fighting
 - Level 12.2(10.9) Staves
 - Level 8.4(7.2) Crossbows
 - Level 15.1(13.7) Dodging
 - Level 8.1(6.8) Stealth
 + Level 24.1(22.4) Spellcasting
 + Level 17.7(16.2) Conjurations
 - Level 7.5(6.3) Charms
 - Level 7.9(6.7) Summonings
 + Level 14.4(13.0) Ice Magic
 - Level 4.0(2.9) Poison Magic
 - Level 8.2(7.0) Evocations


You had 5 spell levels left.
You knew the following spells:

 Your Spells              Type           Power        Failure   Level  Hunger
a - Magic Dart            Conj           ####         0%          1    None
b - Summon Butterflies    Summ           ########     1%          1    None
d - Condensation Shield   Ice            #########.   1%          4    None
e - Freezing Cloud        Conj/Ice/Air   ########..   1%          6    None
f - Flight                Chrm/Air       #######...   1%          3    None
o - Ozocubu's Armour      Chrm/Ice       ########     1%          3    None
q - Throw Icicle          Conj/Ice       ########     0%          4    None
r - Repel Missiles        Chrm/Air       ######       1%          2    None
s - Swiftness             Chrm/Air       #######.     1%          2    None
v - Blink                 Tloc           N/A          1%          2    None
w - Poison Arrow          Conj/Pois      ########..   1%          6    None
z - Sublimation of Blood  Necr           ######....   1%          2    None
B - Bolt of Fire          Conj/Fire      #######...   1%          6    None
E - Ozocubu's Refrigerat  Ice            #########.   1%          6    None
I - Summon Ice Beast      Ice/Summ       ########     1%          4    None
U - Spellforged Servitor  Conj/Summ      ########..   1%          7    None
X - Iskenderun's Battles  Conj/Chrm      ########     1%          5    None


Dungeon Overview and Level Annotations

Branches:
Dungeon (15/15)            Temple (1/1) D:6            Lair (8/8) D:11
 Shoals (0/5) Lair:3        Snake (5/5) Lair:6        Slime (0/6) Lair:7
    Orc (4/4) D:10            Elf (3/3) Orc:3        Vaults (4/5) D:13
  Crypt (0/3) Vaults:3     Depths (2/5) D:15

Altars:
Ashenzari
Cheibriados
Dithmenos
Elyvilon
Fedhas
Gozag
Kikubaaqudgha
Makhleb
Nemelex Xobeh
Okawaru
Qazlal
Ru
Sif Muna
Trog
Vehumet
Xom
Yredelemnul
Zin
The Shining One
Beogh

Shops:
D:4 *   Orc:2 *   Orc:4 *[*?((*   Elf:1 [(:%   Elf:2 :*[=[   Snake:3 ![!
Snake:4 ?   Snake:5 %   Vaults:2 ?**%

Portals:
Hell: Depths:1
Trove: D:12 (give +5 demon trident)

Annotations:
Snake:1 exclusion: Roxanne, Roxanne
Elf:2 3 runed doors


Innate Abilities, Weirdness & Mutations

You are dopey. (Int -2)


Message History

Aim: a vampire knight, wielding a long sword of draining and wearing a plate armour (lightly damaged, fast, slightly transparent)
You feel a surge of power!
The poison arrow hits the vampire knight.
The vampire knight partially resists.
The vampire knight is heavily damaged.
The vampire knight hits you with a long sword of draining!!
* * * LOW HITPOINT WARNING * * *
You feel drained.
* * * LOW HITPOINT WARNING * * *
The vampire knight bites you!
* * * LOW HITPOINT WARNING * * *
The vampire knight draws strength from your injuries!
Unknown command.
Drink which item? (? for menu, Esc to quit)
Okay, then.
Unknown command.
Read which item? (? for menu, Esc to quit)
You cannot teleport because you are wielding the +4 rapier "Frublatu" {flame, -Tele MR- Int+10}.
The vampire knight barely misses you. The vampire knight bites you!
You die...

░░..............
░...............
░░...........!..
░░..=........➘..
░░░...➘........
░░░░░░░...........
░...░░░............
░..░.......V........
░. ░.}.....e........
░ ░░░..............
░..░░........░..
░....░░..)..░░ .
.░......░░.)░░
░...........░
░....░░.....░
░..░░...)..)░░░░░░░░░
░.....))...........░


You could see a vampire knight (invisible).

Vanquished Creatures
  Sojobo (Vaults:4)
  Saint Roka (Vaults:4)
  Jory (Vaults:2)
  Nikola (Snake:1)
  A deep elf blademaster (Elf:3)
  A quicksilver dragon (Vaults:4)
  Asterion (Vaults:2)
  2 deep elf master archers (Elf:3)
  Rupert (Lair:7)
  Agnes (Elf:3)
  2 tengu reavers (Vaults:4)
  Kirke (Elf:1)
  Frances (Snake:3)
  A revenant (Vaults:3)
  4 fire giants
  A frost giant (Vaults:4)
  Donald (Elf:1)
  10 greater nagas
  5 deep elf sorcerers
  13 vault wardens
  Aizul (Snake:3)
  Louise (Elf:1)
  Jorgrun (Vaults:4)
  7 ironheart preservers
  8 stone giants
  A very ugly thing (Vaults:3)
  A dire elephant (Depths:2)
  15 deep elf annihilators
  7 deep elf demonologists
  A minotaur (Lab)
  Snorg (Lair:7)
  4 ettins
  3 fire dragons
  6 deep elf death magi (Elf:3)
  3 deep elf high priests
  Fannar (Lair:7)
  4 great orbs of eyes
  Harold (Lair:3)
  2 ice dragons
  23 naga warriors
  4 rakshasas
  6 yaktaur captains
  5 vault guards
  18 ogre magi
  A catoblepas (D:13)
  Nessos (D:12)
  6 hydras
  A catoblepas (shapeshifter) (Vaults:1)
  17 anacondas
  Erica (Lair:7)
  11 centaur warriors
  A deep troll earth mage (Depths:1)
  A deep troll shaman (Depths:1)
  3 tengu warriors
  3 orc high priests (Orc:4)
  14 shock serpents
  6 death yaks (Lair:4)
  14 naga sharpshooters
  Nergalle (Orc:4)
  21 deep elf knights
  A giant orange brain (shapeshifter) (Vaults:1)
  4 shadow wraiths
  5 skeletal warriors (Vaults:2)
  6 salamander mystics (Snake:5)
  5 unseen horrors
  Erolcha (D:8)
  9 naga ritualists
  10 deep elf summoners
  8 harpies (Vaults:4)
  4 giant orange brains
  4 lindwurms (Snake:5)
  4 deep trolls (Depths:1)
  25 orc knights
  8 hill giants
  2 wizards
  23 mana vipers
  A necromancer (Vaults:1)
  12 ironbrand convokers
  4 orc sorcerers (Orc:4)
  20 deep elf conjurers
  A fire giant zombie (Vaults:1)
  6 wolf spiders
  A manticore (D:15)
  7 griffons
  2 oklob plants
  A manticore (shapeshifter) (Vaults:3)
  A shining eye (shapeshifter) (Vaults:1)
  2 salamanders (shapeshifter)
  9 elephants
  An octopode (shapeshifter) (Elf:2)
  12 vault sentinels
  The ghost of drasked1 the Cudgeler, an experienced OgHu (D:4)
  58 ugly things
  9 cyclopes
  12 salamanders
  58 black mambas
  10 guardian serpents
  16 spiny frogs
  3 hornets
  23 naga magi
  4 centaur skeletons
  A gargoyle (D:13)
  A torpor snail (Lair:3)
  An eye of devastation (shapeshifter) (Vaults:3)
  Psyche (D:8)
  A siren (Lair:3)
  3 kobold demonologists
  2 efreet
  9 komodo dragons
  63 yaktaurs
  13 deep elf priests
  9 freezing wraiths
  12 trolls
  A human skeleton (Vaults:1)
  Sonja (D:10)
  8 blink frogs
  A fire drake (Lair:7)
  A troll (shapeshifter) (D:14)
  2 polar bears
  Grinder (D:6)
  Prince Ribbit (D:7)
  9 boulder beetles
  7 ravens
  A tengu simulacrum (Vaults:3)
  19 two-headed ogres
  A trapdoor spider zombie (D:12)
  2 hornet zombies (D:15)
  3 basilisks
  A boulder beetle (shapeshifter) (Vaults:3)
  A tarantella (shapeshifter) (Vaults:4)
  2 shadows
  23 slime creatures
  A redback (shapeshifter) (D:13)
  36 deep elf magi
  2 wyverns
  3 trapdoor spiders
  An air elemental (Vaults:4)
  A spriggan (D:7)
  A centaur simulacrum (D:13)
  4 wraiths
  A human simulacrum (Vaults:1)
  A spriggan (shapeshifter) (Depths:1)
  48 yaks
  2 redbacks
  Eustachio (D:5)
  A steam dragon (D:13)
  3 hogs (Elf:1)
  2 humans (shapeshifter)
  13 wargs
  21 wolves
  41 deep elf fighters
  4 hungry ghosts
  20 hippogriffs
  52 nagas
  4 mottled dragons
  Edmund (D:8)
  A neqoxec (D:15)
  Menkaure (D:5)
  35 vampire mosquitoes
  A soldier ant (D:14)
  A wasp (D:11)
  8 porcupines
  63 orc warriors
  39 water moccasins
  2 ice beasts
  58 ogres
  An eye of draining (D:14)
  3 black bears
  3 phantoms
  A necrophage (D:9)
  17 crocodiles
  3 sky beasts
  9 boggarts
  2 boring beetles (Lair:6)
  7 big kobolds
  Duvessa (D:7)
  22 centaurs
  A crocodile (shapeshifter) (D:14)
  An ogre simulacrum (Vaults:1)
  Blork the orc (D:7)
  23 giant frogs
  A gnoll sergeant (D:9)
  2 scorpions
  16 killer bees
  6 wights
  2 electric eels (Elf:3)
  6 centaur zombies
  A goliath beetle (D:6)
  A giant frog zombie (D:7)
  10 crimson imps
  5 jellies
  Dowan (D:7)
  A giant frog skeleton (D:4)
  33 orc wizards
  16 hounds
  Crazy Yiuf (D:5)
  41 orc priests
  13 iguanas
  A quasit (D:13)
  Natasha (thrice) (D:4)
  8 worker ants
  12 hell rats
  A sheep (shapeshifter) (D:15)
  26 sheep
  A hound skeleton (D:4)
  10 gnolls
  2 mummies
  30 adders
  104 river rats
  3 giant mites
  2 shadow imps
  8 worms
  2 ufetubi
  An adder skeleton (D:4)
  8 giant geckos
  An ooze (D:4)
  246 orcs
  3 ball pythons
  17 bats
  A bat skeleton (D:4)
  A bat zombie (D:6)
  5 giant cockroaches
  24 goblins
  24 hobgoblins
  8 jackals
  68 kobolds
  18 quokkas
  2 giant gecko skeletons (D:7)
  A giant gecko zombie (D:9)
  4 giant newts
  A giant spore (D:7)
  A quokka skeleton (D:5)
  29 rats
  39 ballistomycetes
  A crawling corpse (Elf:3)
  10 fungi
  6 plants
2326 creatures vanquished.

Vanquished Creatures (collateral kills)
  A tentacled monstrosity (Vaults:4)
  2 naga warriors (Snake:5)
  A mana viper (Snake:3)
  A guardian serpent (Snake:3)
  2 black mambas
  2 naga magi (Snake:3)
  A basilisk (Lair:3)
  3 nagas (Snake:5)
  A wolf (Lair:4)
  2 sheep (Lair:4)
  2 orcs (Vaults:2)
  A crawling corpse (Elf:3)
19 creatures vanquished.

Vanquished Creatures (others)
  6 ice beasts
  A fire elemental (Vaults:2)
  2 humans (Elf:1)
  A tengu (Vaults:2)
  2 lost souls (Elf:3)
  An orc wizard (Orc:4)
  12 giant spores
  6 ballistomycetes
  A butterfly (Snake:5)
  7 fungi
  15 plants
54 creatures vanquished.

Grand Total: 2399 creatures vanquished

Notes
Turn   | Place    | Note
--------------------------------------------------------------
     0 | D:1      | utis, the Deep Elf Ice Elementalist, began the quest for the Orb.
     0 | D:1      | Reached XP level 1. HP: 10/10 MP: 5/5
   364 | D:1      | Reached XP level 2. HP: 6/15 MP: 1/8
   553 | D:1      | Reached skill level 4 in Ice Magic
   565 | D:1      | Learned a level 2 spell: Throw Frost
  1925 | D:2      | Reached XP level 3. HP: 17/19 MP: 10/10
  2046 | D:2      | Reached skill level 5 in Ice Magic
  2614 | D:2      | Learned a level 3 spell: Ozocubu's Armour
  2633 | D:2      | Reached XP level 4. HP: 24/24 MP: 10/13
  2776 | D:2      | Reached skill level 1 in Charms
  3685 | D:3      | Reached XP level 5. HP: 26/28 MP: 16/16
  3825 | D:3      | Found a shadowy altar of Dithmenos.
  4501 | D:4      | Noticed Natasha
  4506 | D:4      | Killed Natasha
  4571 | D:4      | Found a glowing drain.
  4576 | D:4      | Reached skill level 6 in Ice Magic
  4588 | Sewer    | Entered a sewer
  4693 | Sewer    | Learned a level 4 spell: Condensation Shield
  4791 | Sewer    | Reached skill level 1 in Fighting
  4791 | Sewer    | Reached XP level 6. HP: 31/34 MP: 10/18
  5007 | Sewer    | Found a glowing silver altar of Zin.
  5224 | D:4      | Noticed Natasha
  5234 | D:4      | Killed Natasha
  5521 | D:4      | Found a white marble altar of Elyvilon.
  5612 | D:4      | Noticed drasked1's ghost (experienced OgHu)
  6047 | D:4      | Killed drasked1's ghost
  6047 | D:4      | Reached XP level 7. HP: 15/41 MP: 0/20
  6359 | D:4      | Noticed Natasha
  6374 | D:4      | Killed Natasha
  6438 | D:4      | Noticed an ogre
  6458 | D:4      | Killed an ogre
  6540 | D:4      | Found Pleip's Assorted Antiques.
  7128 | D:5      | Entered Level 5 of the Dungeon
  7165 | D:5      | Reached XP level 8. HP: 48/48 MP: 18/22
  7175 | D:5      | Learned a level 4 spell: Throw Icicle
  7265 | D:5      | Noticed Eustachio
  7272 | D:5      | Killed Eustachio
  7595 | D:5      | Noticed Menkaure
  7746 | D:5      | Killed Menkaure
  7746 | D:5      | Reached skill level 5 in Spellcasting
  7746 | D:5      | Reached skill level 7 in Ice Magic
  7861 | D:5      | Found a blossoming altar of Fedhas.
  8462 | D:5      | Got a shadowed robe
  8554 | D:5      | Noticed Crazy Yiuf
  8563 | D:5      | Killed Crazy Yiuf
  8622 | D:5      | Identified the +1 robe of Oblivion {+Fly} (You found it on level 5 of the Dungeon)
  8745 | D:6      | Found a staircase to the Ecumenical Temple.
  8924 | D:6      | Noticed Grinder
  8993 | Temple   | Entered the Ecumenical Temple
  9324 | Temple   | Identified a +0 rod of destruction (12/12) (You found it on level 2 of the Dungeon)
  9354 | D:6      | Killed Grinder
  9491 | D:6      | Learned a level 4 spell: Summon Ice Beast
  9571 | D:6      | Reached skill level 1 in Summonings
  9761 | D:6      | Reached XP level 9. HP: 52/52 MP: 25/25
 10568 | D:7      | Noticed Blork the orc
 10596 | D:7      | Killed Blork the orc
 10654 | D:7      | Got a faintly glowing rapier
 10655 | D:7      | Identified the +4 rapier "Frublatu" {flame, -Tele MR- Int+10} (You found it on level 7 of the Dungeon)
 10880 | D:7      | Reached skill level 5 in Conjurations
 10928 | D:7      | Noticed Prince Ribbit
 10936 | D:7      | Killed Prince Ribbit
 10936 | D:7      | Reached skill level 8 in Ice Magic
 11782 | D:7      | Noticed Dowan
 11802 | D:7      | Killed Dowan
 11844 | D:7      | Noticed Duvessa
 11853 | D:7      | Killed Duvessa
 13026 | D:7      | Found a shimmering altar of Xom.
 13118 | Temple   | Became a worshipper of Vehumet
 13987 | D:7      | Found a shimmering altar of Xom.
 14282 | D:7      | Reached skill level 5 in Fighting
 14502 | D:8      | Noticed Psyche
 14506 | D:8      | Killed Psyche
 14506 | D:8      | Reached XP level 10. HP: 49/60 MP: 12/28
 14921 | D:8      | Found a glowing silver altar of Zin.
 15221 | D:8      | Got a slimy quarterstaff {drain}
 15273 | D:8      | Noticed Edmund
 15501 | D:8      | Killed Edmund
 15501 | D:8      | Acquired Vehumet's first power
 15501 | D:8      | Offered knowledge of Magic Dart by Vehumet.
 15899 | D:8      | Noticed Erolcha
 15911 | D:8      | Killed Erolcha
 16526 | D:8      | Learned a level 1 spell: Magic Dart
 16700 | D:9      | Learned a level 3 spell: Dazzling Spray
 16953 | D:9      | Found a sparkling altar of Nemelex Xobeh.
 17077 | D:9      | Identified the +8 quarterstaff "Zaxtuxki" {drain, Int+2} (You took it off an orc wizard on level 8 of the Dungeon)
 17152 | D:9      | Found a deep blue altar of Sif Muna.
 17201 | D:9      | Noticed a cyclops
 17206 | D:9      | Killed a cyclops
 17206 | D:9      | Offered knowledge of Sandblast by Vehumet.
 17336 | D:9      | Reached skill level 9 in Spellcasting
 17685 | D:9      | Learned a level 5 spell: Iskenderun's Battlesphere
 18092 | D:9      | Offered knowledge of Throw Flame by Vehumet.
 18102 | D:9      | Noticed a hill giant
 18115 | D:9      | Killed a hill giant
 18115 | D:9      | Reached skill level 5 in Charms
 18565 | D:10     | Entered Level 10 of the Dungeon
 18806 | D:9      | Reached XP level 11. HP: 64/64 MP: 23/31
 19349 | D:10     | Acquired Vehumet's second power
 19393 | D:10     | Found a staircase to the Orcish Mines.
 19540 | D:10     | Noticed Sonja
 19552 | D:10     | Killed Sonja
 19822 | D:10     | Offered knowledge of Stone Arrow by Vehumet.
 20071 | D:10     | Got a shimmering scimitar
 20358 | D:11     | Learned a level 2 spell: Repel Missiles
 20391 | D:11     | Found a staircase to the Lair.
 20493 | D:11     | Reached skill level 10 in Spellcasting
 20595 | D:11     | Found a flagged portal.
 20608 | Bailey   | Entered a bailey
 20686 | Bailey   | Acquired Vehumet's third power
 20768 | Bailey   | Offered knowledge of Force Lance by Vehumet.
 20817 | Bailey   | Reached skill level 11 in Spellcasting
 21326 | Bailey   | Learned a level 3 spell: Mephitic Cloud
 21551 | D:11     | Noticed a hill giant
 21565 | D:11     | Reached skill level 12 in Spellcasting
 21567 | D:11     | Killed a hill giant
 21616 | D:11     | Learned a level 2 spell: Blink
 21771 | D:11     | Identified Cigotuvi's Collected Works on Darkness (You found it on level 11 of the Dungeon)
 21841 | D:11     | Reached skill level 13 in Spellcasting
 22213 | D:11     | Killed an unseen horror
 22243 | D:11     | Reached skill level 14 in Spellcasting
 22243 | D:11     | Reached XP level 12. HP: 41/70 MP: 16/36
 22636 | Lair:1   | Entered Level 1 of the Lair of Beasts
 22648 | Lair:1   | Reached skill level 5 in Stealth
 22850 | Lair:1   | Found a labyrinth entrance.
 23042 | Lab      | Entered a labyrinth
 23493 | Lab      | Noticed a minotaur
 23501 | Lab      | Killed a minotaur
 23517 | Lab      | Got a faintly glowing ring mail
 23517 | Lab      | Got a bloodstained helmet
 23517 | Lab      | Identified Lehudib's Volume of Attacks
 23527 | Lab      | Identified the +1 helmet "Braz" {Stlth+} (You found it in a labyrinth)
 23537 | Lab      | Identified the +0 ring mail of the Lonely Seas {MR+ MP+9} (You found it in a labyrinth)
 23735 | Lair:1   | Offered knowledge of Ozocubu's Refrigeration by Vehumet.
 24334 | Lair:1   | Noticed a six-headed hydra
 24339 | Lair:1   | Killed a six-headed hydra
 24368 | Lair:1   | Learned a level 6 spell: Ozocubu's Refrigeration
 24376 | Lair:1   | Reached skill level 15 in Spellcasting
 24450 | Lair:1   | Noticed a six-headed hydra
 24454 | Lair:1   | Killed a six-headed hydra
 25236 | Lair:1   | Reached skill level 16 in Spellcasting
 26535 | Lair:2   | Reached skill level 17 in Spellcasting
 26535 | Lair:2   | Reached XP level 13. HP: 75/75 MP: 26/38
 27083 | Lair:2   | Offered knowledge of Olgreb's Toxic Radiance by Vehumet.
 27258 | Lair:3   | Noticed Harold
 27263 | Lair:3   | Killed Harold
 28170 | Lair:3   | Found a staircase to the Shoals.
 31489 | Lair:4   | Reached skill level 10 in Fighting
 33654 | Lair:6   | Got an encrusted hand crossbow
 33656 | Lair:6   | Identified the +4 hand crossbow "Newtslayer" {elec, rC+ Int+2} (You found it on level 6 of the Lair of Beasts)
 33955 | Lair:6   | Found a staircase to the Snake Pit.
 34069 | Lair:6   | Offered knowledge of Spellforged Servitor by Vehumet.
 34082 | Lair:6   | Learned a level 7 spell: Spellforged Servitor
 34479 | Lair:6   | Reached XP level 14. HP: 79/90 MP: 36/39
 35804 | Lair:7   | Noticed Rupert
 35813 | Lair:7   | Paralysed by Rupert for 6 turns
 35825 | Lair:7   | Killed Rupert
 36008 | Lair:7   | You fall through a shaft!
 36008 | Lair:8   | Entered Level 8 of the Lair of Beasts
 36237 | Lair:7   | Noticed Fannar
 36243 | Lair:7   | Killed Fannar
 36409 | Lair:7   | Reached skill level 5 in Summonings
 36688 | Lair:7   | Noticed Snorg
 36704 | Lair:7   | Killed Snorg
 37263 | Lair:7   | Found a staircase to the Slime Pits.
 38104 | Lair:8   | Noticed Erica
 38185 | Lair:7   | Killed Erica
 38185 | Lair:7   | Reached skill level 10 in Conjurations
 39053 | Orc:1    | Entered Level 1 of the Orcish Mines
 39272 | Orc:1    | Found a roughly hewn altar of Beogh.
 39566 | Orc:1    | Offered knowledge of Poison Arrow by Vehumet.
 40519 | Orc:2    | Found Ekiokhy's Assorted Antiques.
 41928 | Orc:3    | Found a staircase to the Elven Halls.
 42127 | Orc:4    | Entered Level 4 of the Orcish Mines
 42303 | Orc:4    | Noticed Nergalle
 42304 | Orc:4    | Found a burning altar of Makhleb.
 42308 | Orc:4    | Killed Nergalle
 42493 | Orc:4    | Learned a level 6 spell: Poison Arrow
 42597 | Orc:4    | Found Fadobud's Antique Weapon Boutique.
 42789 | Orc:4    | Found Pogielao's General Store.
 42950 | Orc:4    | Reached skill level 1 in Poison Magic
 43546 | Orc:4    | Found a deep blue altar of Sif Muna.
 43656 | Orc:4    | Found Ghacee's Antique Weapon Shoppe.
 43861 | Orc:4    | Found Nustri Lafo's General Store.
 43862 | Orc:4    | Found Astilush's Antique Armour Shoppe.
 43867 | Orc:4    | Found Moit's Assorted Antiques.
 43867 | Orc:4    | Found Suagaal's Magic Scroll Shoppe.
 43905 | Orc:4    | Upgraded the game from 0.16.1-30-g34a7ffa to 0.16.1-51-g6203257
 43905 | Orc:4    | Upgraded the game from 0.16.1-51-g6203257 to 0.16.2
 43990 | Orc:4    | Bought a polished quarterstaff for 279 gold pieces
 43992 | Orc:4    | Identified the cursed +3 quarterstaff of the Hummingbird {freeze, Contam rC+ MR+ Str+4 Dex+3} (You bought it in a shop on level 4 of the Orcish Mines)
 44067 | Orc:4    | Bought a scroll of vulnerability for 120 gold pieces
 44090 | Orc:4    | Gained mutation: You are dopey. (Int -2) [mutagenic glow]
 44288 | Orc:4    | Bought an encrusted leather armour for 210 gold pieces
 44298 | Orc:4    | Identified the +3 leather armour of Toutocrunei {Regen+ Int+3 SInv} (You bought it in a shop on level 4 of the Orcish Mines)
 44440 | D:12     | Offered knowledge of Orb of Destruction by Vehumet.
 44940 | D:12     | Found a portal to a secret trove of treasure.
 45052 | D:12     | Noticed Nessos
 45059 | D:12     | Killed Nessos
 45140 | D:12     | Reached XP level 15. HP: 96/96 MP: 40/40
 46926 | D:13     | Found a burning altar of Makhleb.
 46939 | D:13     | Reached skill level 10 in Dodging
 47216 | D:13     | Learned a level 1 spell: Summon Butterflies
 47429 | D:13     | Found a gate to the Vaults.
 48150 | D:14     | Found a roughly hewn altar of Beogh.
 48506 | D:14     | Offered knowledge of Freezing Cloud by Vehumet.
 48958 | Orc:2    | Bought a scroll of amnesia for 115 gold pieces
 49063 | Orc:4    | Bought 2 scrolls of amnesia for 147 gold pieces
 49529 | D:14     | Reached skill level 18 in Spellcasting
 50129 | D:15     | Entered Level 15 of the Dungeon
 50752 | D:15     | Learned a level 6 spell: Freezing Cloud
 51769 | D:15     | Found a staircase to the Depths.
 52084 | D:15     | Offered knowledge of Bolt of Fire by Vehumet.
 52784 | D:15     | Found a glowing silver altar of Zin.
 53692 | Lair:6   | Reached skill level 1 in Staves
 53727 | Snake:1  | Entered Level 1 of the Snake Pit
 54180 | Snake:1  | Noticed Nikola
 54185 | Snake:1  | Killed Nikola
 54315 | Snake:1  | Reached XP level 16. HP: 97/104 MP: 36/41
 54805 | Snake:1  | Reached skill level 5 in Staves
 55068 | Snake:1  | Noticed Roxanne
 55103 | Snake:1  | Got a crude blowgun
 55104 | Snake:1  | Identified the +7 blowgun of Yredelemnul's Outrage {evade, rN+ MP+9 Dex-4} (You took it off a salamander on level 1 of the Snake Pit)
 57618 | Snake:2  | Reached skill level 19 in Spellcasting
 58421 | Snake:3  | Noticed Aizul
 58427 | Snake:3  | Killed Aizul
 59378 | Snake:3  | Found Zalaama's Armour Shoppe.
 59432 | Snake:3  | Reached skill level 20 in Spellcasting
 59574 | Snake:3  | Noticed Frances
 59586 | Snake:3  | Killed Frances
 59830 | Snake:3  | Found Opheruc's Distillery.
 59872 | Snake:3  | Bought a potion of haste for 130 gold pieces
 59988 | Snake:3  | Found Gakemnue's Armour Shop.
 60559 | Snake:3  | Found Pecuc's Distillery.
 60669 | Snake:3  | Bought a potion of heal wounds for 65 gold pieces
 61680 | Snake:3  | Offered knowledge of Lehudib's Crystal Spear by Vehumet.
 61680 | Snake:3  | Offered knowledge of Fire Storm by Vehumet.
 61680 | Snake:3  | Offered knowledge of Chain Lightning by Vehumet.
 61681 | Snake:3  | Upgraded the game from 0.16.2 to 0.16.2-2-g470672f
 61925 | Snake:4  | Reached skill level 1 in Crossbows
 62391 | Snake:4  | Reached XP level 17. HP: 105/108 MP: 30/43
 62773 | Snake:4  | Found Rajop's Magic Scroll Boutique.
 62818 | Snake:4  | Upgraded the game from 0.16.2-2-g470672f to 0.16.2-3-ga078185
 63919 | Lair:1   | Learned a level 3 spell: Flight
 63922 | Lair:1   | Learned a level 2 spell: Swiftness
 64568 | Snake:4  | Found a burning altar of Makhleb.
 64908 | Snake:5  | Entered Level 5 of the Snake Pit
 65308 | Snake:5  | Found a sacrificial altar of Ru.
 65313 | Snake:5  | Found Remerix's Food Emporium.
 65379 | Snake:5  | Reached skill level 10 in Staves
 65791 | Snake:5  | Reached skill level 1 in Evocations
 66397 | Snake:5  | Reached skill level 5 in Evocations
 69277 | Snake:5  | Reached XP level 18. HP: 115/115 MP: 24/43
 71142 | Snake:5  | Got a serpentine rune of Zot
 72126 | D:4      | Bought an ancient granite ring for 160 gold pieces
 72127 | D:4      | Identified the ring "Blablyg" {+Fly rPois rF+ MR+ Str-3 Stlth+} (You bought it in a shop on level 4 of the Dungeon)
 72424 | Vaults:1 | Entered Level 1 of the Vaults
 74875 | Vaults:1 | Reached skill level 5 in Crossbows
 76325 | Vaults:1 | Reached XP level 19. HP: 121/121 MP: 36/44
 76510 | Vaults:1 | Got a transparent brass ring
 76628 | Vaults:1 | Reached skill level 15 in Dodging
 76742 | Vaults:1 | Identified the ring "Busuw" {rPois rC+ Int+2 Dex-2 SInv Stlth-} (You took it off a yaktaur on level 1 of the Vaults)
 78187 | Vaults:2 | Noticed Asterion
 78190 | Vaults:2 | Killed Asterion
 78608 | Vaults:2 | Found Klayplal's Assorted Antiques.
 78637 | Vaults:2 | Found Yzeufuek's Assorted Antiques.
 78694 | Vaults:2 | Hired Ghetuckiyda the tengu for 129 gold.
 78891 | Vaults:2 | Your ally Ghetuckiyda died
 78959 | Vaults:2 | Found Piomead's Magic Scroll Shop.
 78971 | Vaults:2 | Noticed Jory
 79016 | Vaults:2 | Killed Jory
 79364 | Vaults:2 | Bought a scroll of acquirement for 936 gold pieces
 79367 | Vaults:2 | meh
 79402 | Vaults:2 | Bought a glowing lajatang for 390 gold pieces
 79402 | Vaults:2 | Bought 2 potions of heal wounds for 260 gold pieces
 79402 | Vaults:2 | Bought a scroll of teleportation for 78 gold pieces
 79402 | Vaults:2 | Bought a hardcover book for 390 gold pieces
 79849 | Vaults:2 | Reached skill level 10 in Ice Magic
 81577 | Vaults:2 | Found Ketzog's Food Shoppe.
 86385 | Vaults:3 | Found a staircase to the Crypt.
 86385 | Vaults:3 | Found an ancient bone altar of Kikubaaqudgha.
 86386 | Vaults:3 | Found a basalt altar of Yredelemnul.
 86561 | Vaults:3 | Reached XP level 20. HP: 127/127 MP: 39/45
 87440 | Vaults:4 | Reached skill level 21 in Spellcasting
 88597 | Vaults:4 | Noticed Sojobo
 89191 | Vaults:4 | Noticed Saint Roka
 89198 | Vaults:4 | Killed Saint Roka
 89870 | Vaults:4 | Reached skill level 15 in Conjurations
 90229 | Vaults:4 | Killed Sojobo
 90229 | Vaults:4 | Reached skill level 22 in Spellcasting
 90487 | Vaults:4 | Paralysed by a hornet for 4 turns
 91916 | Vaults:2 | Bought a scroll of enchant armour for 210 gold pieces
 92223 | Vaults:4 | Noticed Jorgrun
 92232 | Vaults:4 | Killed Jorgrun
 94068 | Vaults:4 | Reached XP level 21. HP: 132/132 MP: 44/46
 94454 | Depths:1 | Entered Level 1 of the Depths
 95120 | Elf:1    | Entered Level 1 of the Elven Halls
 95297 | Elf:1    | Found Oruethie's Food Emporium.
 95360 | Elf:1    | Noticed Kirke
 95425 | Elf:1    | Killed Kirke
 95532 | Elf:1    | Found Mneuff's Antique Weapon Boutique.
 95551 | Elf:1    | Found Gahoosi's Book Shop.
 95582 | Elf:1    | Noticed Donald
 95584 | Elf:1    | Killed Donald
 95820 | Elf:1    | Reached skill level 23 in Spellcasting
 96526 | Elf:1    | Found Quonuofu's Armour Shoppe.
 96919 | Elf:1    | Noticed Louise
 96925 | Elf:1    | Killed Louise
 97254 | Elf:2    | Found Xosimeoc's Armour Emporium.
 97278 | Elf:2    | Found an iron altar of Okawaru.
 97402 | Elf:2    | Learned a level 6 spell: Bolt of Fire
 97557 | Elf:2    | Found a runed gate.
 97558 | Elf:2    | Found a runed gate.
 97563 | Elf:2    | Found a runed gate.
 97612 | Elf:2    | Found Ynusmont's Armour Shoppe.
 97636 | Elf:2    | Bought a +2 pair of gloves of archery for 247 gold pieces
 97837 | Elf:2    | Found Ungiacw's Jewellery Boutique.
 97857 | Elf:2    | Found Pnois' Assorted Antiques.
 98255 | Elf:2    | Found Ghuon's Book Boutique.
 98770 | Elf:3    | Entered Level 3 of the Elven Halls
 98780 | Elf:3    | Found a flickering gateway to a bazaar.
 98881 | Bazaar   | Entered a bazaar
 98887 | Bazaar   | Found Dyilehor's Weapon Shoppe.
 98897 | Bazaar   | Found Thytz's Distillery.
 98909 | Bazaar   | Found Giv Nat's Magic Scroll Boutique.
 98914 | Bazaar   | Found Isan's General Store.
 98921 | Bazaar   | Found Shras' Food Shop.
 98929 | Bazaar   | Upgraded the game from 0.16.2-3-ga078185 to 0.16.2-12-gd0ad4c3
 99018 | Bazaar   | Bought a potion of magic for 56 gold pieces
 99018 | Bazaar   | Bought a potion of heal wounds for 35 gold pieces
 99018 | Bazaar   | Bought a potion of curing for 21 gold pieces
 99052 | Elf:3    | Noticed Agnes
 99059 | Elf:3    | Killed Agnes
100392 | Elf:3    | Got a crude robe
100443 | Elf:3    | Identified the cursed -3 robe of Pathos {Str+5} (You took it off a deep elf annihilator on level 3 of the Elven Halls)
101151 | Elf:3    | Learned a level 2 spell: Sublimation of Blood
101221 | Elf:3    | Got a scorched golden ring
101223 | Elf:3    | Identified the ring "Plog" {rPois rN+ MR+} (You took it off a deep elf demonologist on level 3 of the Elven Halls)
103062 | Depths:1 | Found a gateway to Hell.
103075 | Depths:1 | Reached skill level 24 in Spellcasting
103507 | Depths:1 | Reached XP level 22. HP: 125/137 MP: 43/47
103949 | Depths:2 | Slain by a vampire knight

Action                   |  1- 3 |  4- 6 |  7- 9 | 10-12 | 13-15 | 16-18 | 19-21 | 22-24 || total
-------------------------+-------+-------+-------+-------+-------+-------+-------+-------++-------
Melee: Whip              |     4 |       |       |       |       |       |       |       ||     4
       Dagger            |    25 |    33 |    35 |       |       |       |       |       ||    93
       Quarterstaff      |       |       |   120 |   217 |   827 |   284 |   114 |       ||  1562
       Rapier            |       |       |    92 |     9 |   187 |    87 |     7 |       ||   382
       Lajatang          |       |       |       |       |       |       |   364 |       ||   364
       Hand crossbow     |       |       |       |       |       |       |     2 |       ||     2
 Fire: Hunting sling     |     9 |   112 |    75 |       |       |       |       |       ||   196
       Hand crossbow     |       |       |       |       |   193 |    68 |   164 |       ||   425
       Blowgun           |       |       |       |       |    14 |       |       |       ||    14
Throw: Javelin           |       |       |     5 |     1 |       |       |       |       ||     6
 Cast: Freeze            |    50 |    91 |   148 |    84 |    14 |       |       |       ||   387
       Ozocubu's Armour  |       |     8 |    14 |    42 |    84 |    38 |    65 |     1 ||   252
       Condensation Shie |       |     4 |       |       |    11 |     2 |       |     1 ||    18
       Throw Frost       |       |       |     7 |     2 |       |       |       |       ||     9
       Throw Icicle      |       |       |    81 |   266 |   297 |   372 |   150 |       ||  1166
       Magic Dart        |       |       |       |    21 |    19 |       |     1 |       ||    41
       Iskenderun's Batt |       |       |       |    48 |    29 |     9 |     2 |       ||    88
       Repel Missiles    |       |       |       |     2 |     3 |     5 |     2 |     1 ||    13
       Ozocubu's Refrige |       |       |       |     3 |    46 |    48 |    33 |       ||   130
       Summon Ice Beast  |       |       |       |       |    14 |     7 |     5 |       ||    26
       Mephitic Cloud    |       |       |       |       |     3 |       |       |       ||     3
       Poison Arrow      |       |       |       |       |    54 |    85 |   224 |     8 ||   371
       Dazzling Spray    |       |       |       |       |     2 |       |       |       ||     2
       Freezing Cloud    |       |       |       |       |    10 |   140 |   264 |     6 ||   420
       Spellforged Servi |       |       |       |       |       |     7 |       |       ||     7
       Blink             |       |       |       |       |       |     8 |     7 |       ||    15
       Summon Butterflie |       |       |       |       |       |     1 |       |       ||     1
Evoke: Wand              |       |       |     7 |       |     1 |     1 |     2 |       ||    11
       Rod               |       |       |       |       |     3 |       |       |       ||     3
       Deck              |       |       |       |       |       |       |     2 |       ||     2
       Lamp of fire      |       |       |       |       |       |       |     2 |       ||     2
       Sack of spiders   |       |       |       |       |       |       |     2 |       ||     2
       Fan of gales      |       |       |       |       |       |       |     1 |       ||     1
  Use: Scroll            |     2 |    10 |     6 |    14 |    15 |     5 |    13 |       ||    65
       Potion            |       |       |       |     1 |     4 |     2 |     5 |       ||    12
 Stab: Sleeping          |     2 |       |       |     2 |    34 |     3 |     2 |       ||    43
       Distracted        |     1 |       |       |       |     3 |     4 |     2 |       ||    10
       Confused          |       |       |       |       |     1 |       |       |       ||     1
  Eat: Chunk             |     5 |    10 |    18 |    32 |   106 |    68 |    78 |     1 ||   318
       Fruit             |       |     2 |       |       |       |       |       |       ||     2
       Pizza             |       |       |     3 |       |       |       |       |       ||     3
       Bread ration      |       |       |     3 |       |       |       |       |       ||     3
       Meat ration       |       |       |       |     2 |       |       |       |       ||     2
       Beef jerky        |       |       |       |       |       |       |     3 |       ||     3
